 Dungeon Crawl Stone Soup version 0.17-a0-1882-g750edc8 (webtiles) character file.

88 horredgrones the Insei (level 4, -2/28 HPs)
             Began as an Octopode Transmuter on Sept 22, 2015.
             Killed from afar by cireshan's ghost (6 damage)
             ... with a magic dart
             ... on level 3 of the Dungeon.
             The game lasted 00:06:25 (2464 turns).

horredgrones the Insei (Octopode Transmuter)        Turns: 2464, Time: 00:06:25

Health: -2/28      AC:  1    Str:  9    XL:     4   Next: 53%
Magic:  7/7        EV: 13    Int: 15    God:
Gold:   81         SH:  0    Dex: 13    Spells: 3 memorised, 1 level left

rFire  . . .     SeeInvis .       - Unarmed
rCold  + . .     Clarity  .     (no shield)
rNeg   . . .     SustAt   .     (helmet restricted)
rPois  .         Gourm    .     (no amulet)
rElec  .         Spirit   .     e - ring of protection from cold
rCorr  .         Warding  .     v - ring of protection from magic
rMut   .         Stasis   .     (no ring)
MR     +....                    (no ring)
Stlth  ++........               (no ring)
                                (no ring)
                                (no ring)
                                (no ring)

@: somewhat resistant to hostile enchantments, unstealthy
A: almost no armour, amphibious, 8 rings, constrict 8, camouflage 1, gelatinous
body 1
a: no special abilities


You were on level 3 of the Dungeon.
You were not hungry.

You visited 1 branch of the dungeon, and saw 3 of its levels.

You collected 81 gold pieces.

Inventory:

Hand weapons
 m - a cursed -3 short sword
 r - a +1 dagger of venom
Missiles
 a - 106 arrows
 p - 15 arrows of flame
Jewellery
 e - a ring of protection from cold (left tentacle)
 v - a ring of protection from magic (right tentacle)
Scrolls
 f - 3 scrolls of identify {unknown}
 g - 2 scrolls of teleportation {unknown}
 h - a scroll of noise {unknown}
 i - a scroll of magic mapping {unknown}
 j - a scroll of enchant armour {unknown}
 l - a scroll of remove curse {unknown}
 t - a scroll of immolation {unknown}
 u - a scroll of recharging {unknown}
Potions
 k - a potion of agility {unknown}
 n - a potion of degeneration {unknown}
 o - a potion of curing {unknown}
 q - a potion of ambrosia {unknown}
Books
 b - a book of Changes

   Spells                             Type                      Level
   a - Beastly Appendage              Transmutation                1
   b - Sticks to Snakes               Transmutation                2
   c - Spider Form                    Transmutation/Poison         3
   d - Ice Form                       Ice/Transmutation            4
   e - Blade Hands                    Transmutation                5
Comestibles
 c - 2 bread rations
 d - 2 meat rations
 s - 2 chunks of flesh


   Skills:
 - Level 1.0 Fighting
 + Level 3.0 Dodging
 * Level 4.5 Unarmed Combat
 - Level 2.0 Spellcasting
 - Level 2.0 Transmutations


You had one spell level left.
You knew the following spells:

 Your Spells              Type           Power        Failure   Level  Hunger
a - Beastly Appendage     Trmt           #.....       12%         1    #......
b - Sticks to Snakes      Trmt           #.........   14%         2    ###....
c - Spider Form           Trmt/Pois      #.........   43%         3    ###....


Dungeon Overview and Level Annotations

Branches:
Dungeon (3/15)

Altars:
Zin

Annotations:
D:3 cireshan's ghost, average DECj


Innate Abilities, Weirdness & Mutations

You cannot wear most types of armour.
You are amphibious.
You can wear up to eight rings at the same time.
You can use your tentacles to constrict eight enemies at once.
Your skin changes colour to match your surroundings (Stealth).
Your rubbery body absorbs attacks (AC +1).


Message History

Found a stone staircase leading up.
There is a stone staircase leading up here.
Cireshan's ghost turns its malevolent gaze towards you.
Found a lumpy black potion.
Found a stone staircase leading down.
Cireshan's ghost gestures at you while chanting.
The magic dart hits you!
Found a bread ration.
Unknown command.
A kobold comes into view.
The kobold shouts!
Cireshan's ghost points at you and mumbles some strange words.
The magic dart hits you! The kobold hits you.
Cireshan's ghost gestures at you while chanting.
The magic dart hits you!
* * * LOW HITPOINT WARNING * * *
You see here a lumpy black potion.
Cireshan's ghost gestures at you while chanting.
The magic dart hits you!
You die...

#.#.########.#
#.#.# #.# #.#.#
####.# #.#.#
#....# #.#.#
#<#### #$#.# #.#
#.#.# #.#### #
#........#...###.#
.W..###W###.@....#
.###.# ##..####
......###WK.>..#
.......#.#.###.#
.####...##.# #
...........#
.####%..#### #...#
#...#


You could see cireshan's ghost and a kobold.

Vanquished Creatures
  Natasha (twice) (D:2)
  2 adders (D:2)
  3 worms (D:2)
  A ball python (D:2)
  4 hobgoblins
  2 quokkas (D:2)
  4 bats
  A giant gecko (D:1)
  3 giant newts
  5 goblins
  3 kobolds
  3 rats
33 creatures vanquished.

Notes
Turn   | Place    | Note
--------------------------------------------------------------
     0 | D:1      | horredgrones the Octopode Transmuter began the quest for the Orb.
     0 | D:1      | Reached XP level 1. HP: 13/13 MP: 3/3
   635 | D:1      | Reached XP level 2. HP: 12/18 MP: 5/5
   704 | D:1      | Learned a level 2 spell: Sticks to Snakes
  1041 | D:2      | Found a glowing silver altar of Zin.
  1420 | D:2      | Noticed Natasha
  1425 | D:2      | Killed Natasha
  1425 | D:2      | Reached skill level 4 in Unarmed Combat
  1425 | D:2      | Reached XP level 3. HP: 1/23 MP: 4/6
  1893 | D:2      | Reached XP level 4. HP: 14/28 MP: 7/7
  1901 | D:2      | Learned a level 3 spell: Spider Form
  2328 | D:2      | Noticed Natasha
  2335 | D:2      | Killed Natasha
  2419 | D:3      | Noticed cireshan's ghost (average DECj)
  2464 | D:3      | Killed from afar by cireshan's ghost

Vault maps used:
D:1:      dpeg_arrival_sounds_slurp
D:2:      lemuel_crystal_altar, uniq_natasha
D:3:      first_bread, uniq_jessica

Action                   |  1- 3 |  4- 6 || total
-------------------------+-------+-------++-------
Melee: Unarmed           |    61 |    21 ||    82
 Cast: Beastly Appendage |     2 |     3 ||     5
       Sticks to Snakes  |     1 |     1 ||     2
 Stab: Sleeping          |     8 |       ||     8
  Eat: Chunk             |     3 |     2 ||     5
